 Dungeon Crawl Stone Soup version 0.31.0-9-g3a7656b989 (webtiles) character file.

Game seed: 3937533526660073551

74 qw the Shooter (level 4, 0/22 HPs)
             Began as a Spriggan Hunter on Feb 2, 2024.
             Slain by an adder (4 damage)
             ... on level 2 of the Dungeon.
             The game lasted 00:00:04 (1372 turns).

qw the Shooter (Spriggan Hunter)                    Turns: 1372, Time: 00:00:05

Health: 0/22       AC:  2    Str:  7    XL:     4   Next: 9%
Magic:  5/5        EV: 19    Int: 10    God:
Gold:   147        SH:  0    Dex: 20    Spells: 3/3 levels left

rFire   . . .        a - +0 shortbow
rCold   . . .        (shield currently unavailable)
rNeg    . . .        c - +0 robe
rPois   .            (helmet restricted)
rElec   .            (no cloak)
rCorr   .            (gloves unavailable)
SInv    +            (boots unavailable)
Will    .....        (no amulet)
Stlth   ++           (no ring)
HPRegen 0.23/turn    (no ring)
MPRegen 0.09/turn

%: no passive effects
@: lethally poisoned (0 -> -4), about to teleport, very quick
A: very small, no large weapons, unfitting armour, see invisible, speed 3
a: no special abilities


You were on level 2 of the Dungeon.
You visited 1 branch of the dungeon, and saw 2 of its levels.

You collected 147 gold pieces.


Innate Abilities, Weirdness & Mutations

You are very small and have problems with some larger weapons.
You are too small for most types of armour.
You have supernaturally acute eyesight. (SInv)
You cover ground extremely quickly. (Speed+++)


   Skills:
 - Level 1.5 Fighting
 - Level 5.0 Ranged Weapons
 + Level 4.2 Dodging
 - Level 1.5 Stealth


You had 3 spell levels left.
You didn't know any spells.
Your spell library was empty.

Inventory:

Hand Weapons
 a - a +0 shortbow (weapon)
Armour
 c - a +0 robe (worn)
Jewellery
 f - a ring of ice
Scrolls
 g - a scroll of identify
Potions
 b - a potion of might {unknown}
 e - a potion of resistance {unknown}

Dungeon Overview and Level Annotations

Branches:
Dungeon (2/15)

Altars:


Message History

You shoot an arrow. The arrow misses the adder.
The adder bites you but does no damage. The adder bites you.
You shoot an arrow. The arrow barely misses the adder.
The adder bites you.
You are poisoned.
The adder poisons you!
You shoot an arrow. The arrow misses the adder.
You feel sick. The adder barely misses you. The adder closely misses you.
You shoot an arrow.
The arrow hits the adder but does no damage.
You feel sick. The adder closely misses you.
You shoot an arrow. The arrow closely misses the adder.
You feel sick. The adder completely misses you. The adder barely misses you.
You shoot an arrow.
The arrow hits the adder but does no damage.
You feel sick. The adder completely misses you.
You shoot an arrow. The arrow hits the adder!
The adder is severely wounded.
You feel sick.
You are no longer poisoned.
The adder closely misses you. The adder bites you.
You are poisoned.
The adder poisons you!
You shoot an arrow. The arrow barely misses the adder.
You feel sick. The adder misses you.
You shoot an arrow. The arrow closely misses the adder.
You feel sick. The adder misses you. The adder completely misses you.
You shoot an arrow. The arrow misses the adder.
You feel sick. The adder closely misses you.
You shoot an arrow. The arrow closely misses the adder.
You feel sick. The adder bites you.
You are more poisoned.
The adder poisons you! The adder misses you.
You shoot an arrow. The arrow closely misses the adder.
You feel sick. The adder bites you. The adder completely misses you.
1372 ||| READING scroll of teleportation.
As you read the scroll of teleportation, it crumbles to dust.
You feel strangely unstable.
You feel sick. The adder bites you.
You die...

###.################.####.#....#.
#.#.........#.####.####.#....#.
#.#.######.##... #....#.######.
#.#.######.##.## ####.#........
#.#.#...##.#...# ##.#########
###.#.#.#.##.....# #.....###
......#.#.#####..# #..#....#
###.#...#.#......# ###.....###.##
#.#.###.#.####@# #.....%<......
#.#.....#.#..S.# #.#....####.#. #
#.#######.#.#..# #.#.....# # #.#
#.# #### #.#.#...# # #.#######.#
#.#.###.# #
#.........########.#...[.# #
########...........####### #
#............# ########
#............#


You could see an adder.

Vanquished Creatures
  2 adders (D:2)
  2 dart slugs (D:2)
  A ribbon worm (D:2)
  4 bats (D:1)
  4 endoplasms (D:1)
  2 giant cockroaches (D:2)
  6 goblins
  5 hobgoblins
  3 jackals (D:1)
  2 kobolds
  2 quokkas
  6 ball pythons
  4 frilled lizards
  2 rats (D:1)
45 creatures vanquished.

Notes
Turn   | Place    | Note
-------+----------+-------------------------------------------
     0 | D:1      | qw the Spriggan Hunter began the quest for the Orb.
     0 | D:1      | Reached XP level 1. HP: 10/10 MP: 2/2
     0 | D:1      | 0 ||| qw: Version: 0.3-a-155-g5e7d8dd
     0 | D:1      | 0 ||| qw: Game counter: 2120
     0 | D:1      | 0 ||| qw: Melee chars always use a shield: true
     0 | D:1      | 0 ||| qw: God list: Okawaru
     0 | D:1      | 0 ||| qw: Allow faded altars: false
     0 | D:1      | 0 ||| qw: Do Orc after clearing Dungeon:15 true
     0 | D:1      | 0 ||| qw: Do second Lair branch before Depths: true
     0 | D:1      | 0 ||| qw: Lair rune preference: random
     0 | D:1      | 0 ||| qw: Goals: Normal
     0 | D:1      | 0 ||| PLANNING D:1-11
    43 | D:1      | Reached skill level 3 in Dodging
    76 | D:1      | Found a faded altar of an unknown god.
   163 | D:1      | Reached XP level 2. HP: 14/14 MP: 3/3
   564 | D:1      | Reached XP level 3. HP: 18/18 MP: 4/4
   883 | D:1      | 883 ||| READING scroll labelled BOS PUAJYSCHAFO.
   884 | D:1      | 884 ||| READING scroll labelled XOAHIKE ROBESCH.
   888 | D:1      | 888 ||| READING scroll labelled URIADEDD AHAB.
   888 | D:1      | 888 ||| IDENTIFYING bubbling emerald potion
   889 | D:1      | 889 ||| DROPPING scroll of butterflies.
   890 | D:1      | 890 ||| DROPPING potion of magic.
   927 | D:2      | 927 ||| STAIRDANCE
  1229 | D:2      | Reached skill level 5 in Ranged Weapons
  1238 | D:2      | Reached XP level 4. HP: 16/22 MP: 5/5
  1371 | D:2      | HP: 5/22 [adder (1)]
  1372 | D:2      | 1372 ||| READING scroll of teleportation.
  1372 | D:2      | Slain by an adder

Levels and vault maps discovered:
D:1:      dpeg_arrival_round_b, layout_basic, shapermc_ecumenical_altar_venn
D:2:      layout_basic, serial_shops, shop, minmay_diced_spiral

Skill      XL: |  1  2  3 |
---------------+----------+-----
Dodging        | 3 4 |  4.2
Ranged Weapons | 5 |  5.0
Fighting       | |  1.5
Stealth        | |  1.5

Action                     |  1- 3 |  4- 6 || total
---------------------------+-------+-------++-------
   Fire: Shortbow          |   115 |    21 ||   136
    Use: Scroll            |     3 |     1 ||     4
 Armour: Robe              |    16 |     7 ||    23
  Dodge: Dodged            |    47 |    17 ||    64

Table legend:
 A = Non-vault XP
 B = Vault XP
 C = Vault XP percentage of total XP
 D = Non-vault monster count
 E = Vault monster count
 F = Vault count percentage of total count
                 A         B        C        D         E       F
            +---------+---------+-------+---------+---------+-------
      Total |      99 |       7 |   6.6 |      41 |       4 |   8.9
            +---------+---------+-------+---------+---------+-------
        D:1 |      50 |       0 |   0.0 |      28 |       0 |   0.0
        D:2 |      49 |       7 |  12.5 |      13 |       4 |  23.5
            +---------+---------+-------+---------+---------+-------
